 Dungeon Crawl Stone Soup version 0.23-a0-667-gc184e93 (webtiles) character file.

31152 nikopol the Eclecticist (level 13, 0/66 HPs)
             Began as a Deep Elf Fire Elementalist on Jan 3, 2019.
             Was a Priest of Vehumet.
             Slain by a spiny frog (17 damage)
             ... on level 6 of the Lair of Beasts on Jan 8, 2019.
             The game lasted 01:11:50 (19862 turns).

nikopol the Eclecticist (DEFE)                     Turns: 19862, Time: 01:11:51

Health: 0/66       AC: 12    Str: 15    XL:     13   Next: 24%
Magic:  2/34       EV: 13    Int: 28    God:    Vehumet [***...]
Gold:   935        SH:  0    Dex: 15    Spells: 19/43 levels left

rFire    x . .     SeeInvis +   L - +11 spear "Viwn" {elec, Str+7 Int+2}
rCold    + . .     Gourm    .   (no shield)
rNeg     . . .     Faith    .   D - +1 ring mail of Coronation {rPois Str+3 SInv} (curse)
rPois    +         Spirit   .   (no helmet)
rElec    .         Reflect  .   o - scarf {repulsion}
rCorr    .         Harm     .   (no gloves)
MR       +....                  F - +1 pair of boots
Stlth    ++........             (no amulet)
HPRegen  0.21/turn              t - ring of ice
MPRegen  0.24/turn              I - +3 ring of protection

@: studying Ice Magic, repel missiles
A: no striking features
a: Renounce Religion


You were on level 6 of the Lair of Beasts.
You worshipped Vehumet.
Vehumet was most pleased with you.
You were hungry.

You visited 3 branches of the dungeon, and saw 15 of its levels.
You also visited: Ice Cave.

You collected 935 gold pieces.

Inventory:

Hand Weapons
 L - the +11 spear "Viwn" (weapon) {elec, Str+7 Int+2}
   (You found it in an ice cave)

   Occasionally, upon striking a foe, it will discharge some electrical energy
   and cause terrible harm.
   It affects your strength (+7).
   It affects your intelligence (+2).
Armour
 o - a scarf of repulsion (worn)
 x - a +1 robe of fire resistance
 D - the cursed +1 ring mail of Coronation (worn) {rPois Str+3 SInv}
   (You found it on level 8 of the Dungeon)

   It affects your strength (+3).
   It protects you from poison.
   It lets you see invisible.
   It has a curse placed upon it.
 F - a +1 pair of boots (worn)
 K - a +0 scale mail of poison resistance
Jewellery
 t - a ring of ice (left hand)
 C - a +3 amulet of reflection {unknown}
 I - a +3 ring of protection (right hand)
Wands
 e - a wand of paralysis (11)
 f - a wand of digging (6)
 p - a wand of enslavement (7)
 w - a wand of random effects (38)
 z - a wand of polymorph (7)
 B - a wand of iceblast (5)
Scrolls
 a - 2 scrolls of teleportation
 h - 6 scrolls of remove curse
 j - a scroll of immolation
 m - a scroll of silence {unknown}
 n - 2 scrolls of enchant armour
 q - 2 scrolls of blinking
 s - 2 scrolls of magic mapping
 u - 2 scrolls of identify
 y - 2 scrolls of enchant weapon
 G - 2 scrolls of fog
Potions
 b - 4 potions of haste
 d - 3 potions of lignification
 g - a potion of agility
 i - 2 potions of mutation
 l - a potion of curing
 r - 2 potions of resistance
 v - a potion of might
 A - 3 potions of flight
 E - a potion of brilliance
 H - a potion of invisibility
Books
 M - a manual of Ice Magic
Comestibles
 c - 17 rations


   Skills:
 + Level 1.9 Fighting
 * Level 7.2 Armour
 + Level 4.6 Dodging
 + Level 5.0 Stealth
 + Level 15.8 Spellcasting
 + Level 12.4 Conjurations
 + Level 1.1 Hexes
 + Level 1.6 Translocations
 + Level 12.2 Fire Magic
 + Level 0.5 Evocations


You had 19 spell levels left.
You knew the following spells:

 Your Spells              Type           Power        Failure   Level  Hunger
a - Flame Tongue          Conj/Fire      #####        1%          1    None
b - Throw Flame           Conj/Fire      ######       1%          2    None
c - Conjure Flame         Conj/Fire      ######..     1%          3    None
d - Sticky Flame          Conj/Fire      ######..     1%          4    None
e - Fireball              Conj/Fire      ######....   1%          5    None
f - Dazzling Spray        Conj/Hex       ######       1%          3    None
g - Blink                 Tloc           N/A          3%          2    None
h - Force Lance           Conj/Tloc      ######..     1%          4    None

Your spell library contained the following spells:

 Spells                   Type           Power        Failure   Level  Hunger
 Olgreb's Toxic Radiance  Pois           ###.....     11%         4    None
 Magic Dart               Conj           ####         0%          1    None
 Apportation              Tloc           ####..       1%          1    None
 Searing Ray              Conj           ######       1%          2    None
 Inner Flame              Hex/Fire       ######..     1%          3    None
 Mephitic Cloud           Conj/Pois/Air  #####...     1%          3    None
 Fulminant Prism          Conj/Hex       ######....   1%          4    None
 Iskenderun's Mystic Bla  Conj           #######.     1%          4    None
 Confusing Touch          Hex            ####..       2%          1    None
 Corona                   Hex            ####...      2%          1    None
 Slow                     Hex            ####....     3%          2    None
 Animate Skeleton         Necr           N/A          4%          1    None
 Summon Small Mammal      Summ           ###.         4%          1    None
 Ensorcelled Hibernation  Hex/Ice        #####.       4%          2    None
 Call Imp                 Summ           ###.....     6%          2    None
 Confuse                  Hex            ####....     8%          3    None
 Tukima's Dance           Hex            ####....     8%          3    None


Dungeon Overview and Level Annotations

Branches:
Dungeon (8/15)             Temple (1/1) D:5            Lair (6/6) D:8
  Swamp (0/4) Lair:3       Spider (0/4) Lair:4
  Slime: Lair:5-6

Altars:
Ashenzari
Cheibriados
Dithmenos
Elyvilon
Fedhas
Gozag
Kikubaaqudgha
Makhleb
Nemelex Xobeh
Okawaru
Qazlal
Ru
Sif Muna
Trog
Uskayaw
Vehumet
Wu Jian
Xom
Yredelemnul
Zin
The Shining One

Annotations:
Lair:5 exclusion: oklob plant


Message History

The spiny frog stings you but does no damage.
Unknown command.
A spiny frog is nearby!
Casting: Flame Tongue (safe; 1% risk of failure)
Confirm with . or Enter, or press ? or * to list all spells.
Aiming: Flame Tongue (safe; 1% risk of failure)
Press: ? - help, Shift-Dir - straight line, f/p - spiny frog
Aim: a spiny frog (heavily wounded, covered in liquid flames)
The flame tongue hits the spiny frog.
The spiny frog is severely wounded.
The spiny frog burns!
The spiny frog misses you.
Casting: Flame Tongue (safe; 1% risk of failure)
Confirm with . or Enter, or press ? or * to list all spells.
Aiming: Flame Tongue (safe; 1% risk of failure)
Press: ? - help, Shift-Dir - straight line, f/p - spiny frog
Aim: a spiny frog (severely wounded, covered in liquid flames)
The flame tongue hits the spiny frog.
The spiny frog is severely wounded.
The spiny frog burns!
The spiny frog stops burning.
The spiny frog stings you!
You die...

#.#...... .......≈. .
#...†.≈.# #. ..
###......## #..
#..#...#...≈≈≈
##.###.##.#.....≈≈≈
##...#..###.........
#.........##.....≈##
#........@........≈≈
#.......F#.......≈≈
##..P.#..##......≈##
#.P.....##.........#
#......###....##..†≈
#.#.....##.l..#...P≈≈
#.#....###.....#...#
#...#....#.......≈##
#.....##...........≈


You could see a spiny frog.

Vanquished Creatures
  Rupert (Lair:3)
  4 hydras
  A death yak (Lair:5)
  Nergalle (Lair:3)
  Pikel (D:5)
  2 ugly things (IceCv)
  7 elephants (Lair:5)
  3 ice statues (IceCv)
  A black mamba (Lair:5)
  9 spiny frogs
  2 rime drakes
  11 komodo dragons
  A queen bee (Lair:5)
  3 meliai (Lair:5)
  2 hippogriffs (Lair:1)
  12 blink frogs
  3 wyverns
  13 yaks
  A hungry ghost (D:7)
  2 basilisks (Lair:5)
  3 insubstantial wisps
  9 water moccasins
  An orc warrior (D:6)
  10 porcupines
  7 ice beasts
  A sky beast (D:5)
  A phantom (D:8)
  3 ogres
  9 wolves
  2 centaurs (D:6)
  4 crocodiles
  12 bullfrogs
  3 jellies
  A scorpion (D:6)
  35 killer bees (Lair:5)
  7 wights
  3 electric eels (Lair:2)
  A crimson imp (D:8)
  2 hounds
  Crazy Yiuf (D:5)
  A gnoll shaman (D:6)
  A bullfrog skeleton (D:5)
  2 centaur skeletons
  4 orc priests
  7 orc wizards
  An iguana (D:6)
  3 worker ants
  A hound zombie (D:6)
  14 adders
  7 gnolls
  A howler monkey skeleton (D:6)
  A shadow imp (D:8)
  An adder zombie (D:8)
  An adder skeleton (D:7)
  A worm (D:3)
  3 dart slugs
  7 leopard geckos
  15 orcs
  6 bats
  4 giant cockroaches
  7 goblins
  13 hobgoblins
  13 jackals
  5 quokkas
  2 ball pythons
  5 frilled lizards
  13 kobolds
  A leopard gecko zombie (D:8)
  7 rats
342 creatures vanquished.

Vanquished Creatures (others)
  A crimson imp (D:5)
  An orc (D:5)
  7 fungi
  4 plants
13 creatures vanquished.

Grand Total: 355 creatures vanquished

Notes
Turn   | Place    | Note
-------+----------+-------------------------------------------
     0 | D:1      | nikopol the Deep Elf Fire Elementalist began the quest for
                  | the Orb.
     0 | D:1      | Reached XP level 1. HP: 10/10 MP: 6/6
   227 | D:1      | Reached XP level 2. HP: 15/15 MP: 4/8
   832 | D:1      | Reached XP level 3. HP: 19/19 MP: 6/10
  1003 | D:1      | Learned a level 2 spell: Throw Flame
  1007 | D:1      | Learned a level 3 spell: Conjure Flame
  1527 | D:2      | Reached skill level 4 in Spellcasting
  1527 | D:2      | Reached XP level 4. HP: 14/24 MP: 4/12
  2133 | D:2      | Reached XP level 5. HP: 28/28 MP: 11/14
  2232 | D:3      | Learned a level 5 spell: Fireball
  2235 | D:3      | Learned a level 2 spell: Blink
  2875 | D:4      | Found a sacrificial altar of Ru.
  3169 | D:4      | Noticed an ogre
  3173 | D:4      | Killed an ogre
  3173 | D:4      | Reached skill level 5 in Spellcasting
  3173 | D:4      | Reached skill level 5 in Fire Magic
  3173 | D:4      | Reached XP level 6. HP: 32/32 MP: 7/15
  3495 | D:5      | Entered Level 5 of the Dungeon
  3698 | D:5      | Reached skill level 6 in Spellcasting
  3923 | D:5      | Found a sparkling altar of Nemelex Xobeh.
  3943 | D:5      | Reached XP level 7. HP: 36/36 MP: 13/18
  3949 | D:5      | Learned a level 4 spell: Sticky Flame
  4254 | D:5      | Reached skill level 7 in Spellcasting
  4317 | D:5      | Reached skill level 5 in Conjurations
  4449 | D:5      | Found a runed door.
  4453 | D:5      | Noticed Crazy Yiuf
  4459 | D:5      | Killed Crazy Yiuf
  4531 | D:5      | Found an ornate altar of the Wu Jian Council.
  4706 | D:5      | Found an iron altar of Okawaru.
  4709 | D:5      | Reached skill level 8 in Spellcasting
  4953 | D:5      | Noticed Pikel
  4961 | D:5      | Killed Pikel
  4961 | D:5      | Reached skill level 9 in Spellcasting
  4961 | D:5      | Reached XP level 8. HP: 23/41 MP: 7/23
  5093 | D:5      | Found a staircase to the Ecumenical Temple.
  5106 | Temple   | Entered the Ecumenical Temple
  6377 | D:6      | Reached XP level 9. HP: 45/45 MP: 13/24
  6658 | D:7      | Found an ancient bone altar of Kikubaaqudgha.
  6659 | D:7      | Found a radiant altar of Vehumet.
  6659 | D:7      | Found a shimmering altar of Xom.
  6659 | D:7      | Found a blossoming altar of Fedhas.
  6660 | D:7      | Found a burning altar of Makhleb.
  6673 | D:7      | Became a worshipper of Vehumet
  6767 | D:7      | Reached skill level 10 in Spellcasting
  7696 | D:8      | Found a staircase to the Lair.
  7699 | D:8      | Noticed a komodo dragon
  7716 | D:8      | Killed a komodo dragon
  7946 | D:8      | Reached skill level 11 in Spellcasting
  7964 | D:8      | Got a jade-encrusted ring mail
  8044 | D:8      | Identified the cursed +1 ring mail of Coronation {rPois
                  | Str+3 SInv} (You found it on level 8 of the Dungeon)
  8342 | D:8      | Reached skill level 1 in Armour
  8763 | Lair:1   | Entered Level 1 of the Lair of Beasts
  8804 | Lair:1   | Noticed a spiny frog
  8812 | Lair:1   | Killed a spiny frog
  8917 | Lair:1   | Noticed a komodo dragon
  8926 | Lair:1   | Killed a komodo dragon
  8926 | Lair:1   | Reached XP level 10. HP: 46/51 MP: 15/27
  9236 | Lair:1   | Reached * piety under Vehumet
  9236 | Lair:1   | Offered knowledge of Shock by Vehumet.
  9570 | Lair:1   | Reached skill level 12 in Spellcasting
  9883 | Lair:2   | You fall through a shaft!
  9903 | Lair:2   | Noticed a spiny frog
  9909 | Lair:2   | Killed a spiny frog
 10031 | Lair:2   | HP: 1/51 [komodo dragon (21)]
 10165 | Lair:2   | Reached skill level 1 in Fighting
 10445 | Lair:2   | Reached skill level 1 in Translocations
 10449 | Lair:2   | Noticed a seven-headed hydra
 10659 | Lair:2   | Killed a seven-headed hydra
 10659 | Lair:2   | Reached skill level 10 in Fire Magic
 10659 | Lair:2   | Reached XP level 11. HP: 56/56 MP: 2/29
 10800 | Lair:2   | Reached skill level 13 in Spellcasting
 11730 | Lair:3   | Noticed Rupert
 11733 | Lair:2   | Offered knowledge of Freeze by Vehumet.
 11982 | Lair:2   | Reached ** piety under Vehumet
 12210 | Lair:3   | Noticed Nergalle
 12227 | Lair:3   | Killed Nergalle
 12529 | Lair:2   | Reached skill level 10 in Conjurations
 13108 | Lair:2   | Upgraded the game from 0.23-a0-650-ga4d50d4 to
                  | 0.23-a0-667-gc184e93
 13136 | Lair:3   | Paralysed by Rupert for 5 turns
 13390 | Lair:2   | Learned a level 3 spell: Dazzling Spray
 14482 | Lair:3   | Killed Rupert
 14482 | Lair:3   | Reached skill level 5 in Armour
 14482 | Lair:3   | Reached skill level 14 in Spellcasting
 14482 | Lair:3   | Reached skill level 1 in Hexes
 14752 | Lair:3   | Found a staircase to the Swamp.
 14866 | Lair:4   | Found a frozen archway.
 14876 | IceCv    | Entered an ice cave
 14972 | IceCv    | Noticed a white ugly thing
 14991 | IceCv    | Killed a white ugly thing
 14991 | IceCv    | Reached XP level 12. HP: 36/61 MP: 6/32
 15463 | IceCv    | Got a twisted spear
 15480 | IceCv    | Got a crude quarterstaff
 15513 | IceCv    | Identified the +11 spear "Viwn" {elec, Str+7 Int+2} (You
                  | found it in an ice cave)
 15514 | IceCv    | Identified the +3 quarterstaff "Ewkymel" {speed, -Tele MR+
                  | SInv Stlth+} (You found it in an ice cave)
 15564 | Lair:4   | Noticed a five-headed hydra
 15578 | Lair:4   | Killed a five-headed hydra
 15780 | Lair:4   | Found a hole to the Spider Nest.
 16779 | Lair:5   | Reached skill level 5 in Stealth
 17102 | Lair:5   | Noticed a four-headed hydra
 17109 | Lair:5   | Killed a four-headed hydra
 17109 | Lair:5   | Reached skill level 15 in Spellcasting
 17243 | Lair:5   | Noticed an eight-headed hydra
 17248 | Lair:5   | Killed an eight-headed hydra
 17567 | Lair:5   | Offered knowledge of Ignite Poison by Vehumet.
 17909 | Lair:5   | Reached *** piety under Vehumet
 18485 | Lair:5   | Learned a level 4 spell: Force Lance
 18798 | Lair:5   | Reached XP level 13. HP: 64/66 MP: 27/34
 19007 | Lair:5   | Offered knowledge of Olgreb's Toxic Radiance by Vehumet.
 19815 | Lair:6   | Entered Level 6 of the Lair of Beasts
 19849 | Lair:6   | HP: 3/66 [spiny frog (10)]
 19850 | Lair:6   | HP: 1/66 [poisoned by a spiny frog]
 19862 | Lair:6   | Slain by a spiny frog

Vault maps used:
D:1:      dpeg_arrival_signposts
D:2:      kennysheep_big_flooded_room
D:4:      nicolae_ru_awakened_eye
D:5:      nemelex_xobeh_ov_fountains_minmay, okawaru_gym_becter,
          kennysheep_mini, temple_hall, first_ration, uniq_pikel,
          uniq_crazy_yiuf_cottage
D:6:      minmay_statues_item
D:7:      grunt_temple_overflow_open
D:8:      david_lair_shrubbed
Temple:   nicolae_temple_figure_eight
Lair:1:   grunt_megastairs_4
Lair:2:   minivault_19, serial_bayou_lagoon_b
Lair:3:   minmay_swamp_entry_wisps, cheibrodos_lair_reptile_den, uniq_rupert,
          uniq_nergalle
Lair:4:   dummy_spider_entry, portal_ice_cave_entry_pillars_1,
          infiniplex_staircase_pool, lemuel_fruit_fields
Lair:5:   regret_index_combs_of_tragedy
Lair:6:   gammafunk_lair_ancient_temple, minmay_slime_entry_eyes,
          minmay_lair_oklob_chamber, lemuel_fruit_fields
IceCv:    ice_cave_statue_garden_chambered

Skill      XL: |  1  2  3  4  5  6  7  8  9 10 11 12 13 |
---------------+----------------------------------------+-----
Fire Magic     | 4 5 6 7 8 10 11 12 | 12.2
Conjurations   | 2 3 4 5 7 8 9 10 12 | 12.4
Spellcasting   | 4 5 6 9 11 12 14 15 | 15.8
Stealth        | 3 4 5 |  5.0
Dodging        | 3 4 |  4.6
Armour         | 1 3 5 6 7 |  7.2
Fighting       | 1 |  1.9
Translocations | 1 |  1.6
Hexes          | 1 |  1.1
Evocations     | |  0.5

Action                   |  1- 3 |  4- 6 |  7- 9 | 10-12 | 13-15 || total
-------------------------+-------+-------+-------+-------+-------++-------
Melee: Dagger            |       |       |    28 |     1 |       ||    29
       Spear             |       |       |       |     3 |       ||     3
 Cast: Flame Tongue      |    85 |    91 |   158 |   233 |    41 ||   608
       Throw Flame       |       |     3 |    17 |    29 |     6 ||    55
       Conjure Flame     |       |     1 |     6 |     8 |     1 ||    16
       Sticky Flame      |       |       |    24 |    90 |    21 ||   135
       Fireball          |       |       |    14 |    73 |    16 ||   103
       Blink             |       |       |       |     9 |       ||     9
       Dazzling Spray    |       |       |       |    16 |       ||    16
Evoke: Wand              |       |       |     2 |       |       ||     2
  Use: Scroll            |       |    10 |     2 |    13 |       ||    25
       Potion            |       |       |       |     6 |     2 ||     8
  Eat: Chunk             |     2 |     6 |    16 |    13 |     2 ||    39
       Ration            |       |       |     1 |     6 |       ||     7
Armor: Robe              |     1 |     1 |    13 |       |       ||    15
       Ring mail         |       |       |     1 |    68 |    10 ||    79
Dodge: Dodged            |    11 |    20 |    55 |    99 |    24 ||   209

Table legend:
 A = Non-vault XP
 B = Vault XP
 C = Vault XP percentage of total XP
 D = Non-vault monster count
 E = Vault monster count
 F = Vault count percentage of total count
                 A         B        C        D         E       F
            +---------+---------+-------+---------+---------+-------
      Total |   25394 |   19109 |  42.9 |     256 |      87 |  25.4
            +---------+---------+-------+---------+---------+-------
        D:1 |      58 |       0 |   0.0 |      31 |       0 |   0.0
        D:2 |     167 |       6 |   3.5 |      35 |       2 |   5.4
        D:3 |      38 |       0 |   0.0 |      14 |       0 |   0.0
        D:4 |     172 |       0 |   0.0 |       4 |       0 |   0.0
        D:5 |     839 |     670 |  44.4 |      22 |       2 |   8.3
        D:6 |    1013 |       0 |   0.0 |      32 |       0 |   0.0
        D:7 |     544 |       0 |   0.0 |       9 |       0 |   0.0
        D:8 |     951 |     355 |  27.2 |      24 |       1 |   4.0
     Lair:1 |    2457 |     338 |  12.1 |      13 |       1 |   7.1
     Lair:2 |    7212 |     630 |   8.0 |      36 |       5 |  12.2
     Lair:3 |    1311 |    4246 |  76.4 |       8 |       7 |  46.7
     Lair:4 |    1984 |       0 |   0.0 |       4 |       0 |   0.0
     Lair:5 |    7080 |    9209 |  56.5 |      20 |      56 |  73.7
     Lair:6 |    1568 |     569 |  26.6 |       4 |       2 |  33.3
      IceCv |       0 |    3086 | 100.0 |       0 |      11 | 100.0
            +---------+---------+-------+---------+---------+-------
